 Dungeon Crawl Stone Soup version 0.23-a0-577-g2b1de94 (webtiles) character file.

32397 MisterFreud the Summoner (level 13, -13/99 HPs)
             Began as a Gnoll Summoner on Dec 13, 2018.
             Was a High Priest of Ashenzari.
             Mangled by a tyrant leech (32 damage)
             ... on level 6 of the Lair of Beasts on Dec 14, 2018.
             The game lasted 01:11:20 (16742 turns).

MisterFreud the Summoner (Gnoll Summoner)          Turns: 16742, Time: 01:11:22

Health: -13/99     AC: 20    Str: 10    XL:     13   Next: 64%
Magic:  18/26      EV: 23    Int: 23    God:    Ashenzari [*****.]
Gold:   1198       SH:  7    Dex: 16    Spells: 21/31 levels left

rFire    . . .     SeeInvis +   F - +0 morningstar (protect) (curse)
rCold    . . .     Gourm    .   u - +0 buckler (curse)
rNeg     . . .     Faith    .   L - +2 robe {Archmagi} (curse)
rPois    +         Spirit   .   T - +1 helmet
rElec    .         Reflect  .   (no cloak)
rCorr    .         Harm     .   (no gloves)
MR       .....     Clarity  +   b - +1 pair of boots
Stlth    ++++......             w - amulet of regeneration (curse)
HPRegen  0.66/turn              q - +4 ring of evasion (curse)
MPRegen  0.20/turn              B - ring of poison resistance

@: icy armour, about to teleport
A: distributed training, fangs 1, strong nose
a: Curse Item, Scrying, Renounce Religion


You were on level 6 of the Lair of Beasts.
You worshipped Ashenzari.
Ashenzari was extremely pleased with you.
You were hungry.

You visited 2 branches of the dungeon, and saw 18 of its levels.
You also visited: Ice Cave.

You collected 1231 gold pieces.
You spent 33 gold pieces at shops.

Inventory:

Hand Weapons
 F - a cursed +0 morningstar of protection (weapon)
 M - a cursed +7 morningstar
Missiles
 g - 480 stones (quivered)
 G - 4 tomahawks
 N - 4 javelins
 Q - 3 throwing nets
Armour
 b - a +1 pair of boots (worn)
 i - a +0 shield
 u - a cursed +0 buckler (worn)
 L - a cursed +2 robe of the Archmagi (worn)
 T - a +1 helmet (worn)
Jewellery
 d - an uncursed ring of ice
 f - an uncursed ring of flight
 l - an uncursed ring of protection from fire
 q - a cursed +4 ring of evasion (left hand)
 w - a cursed amulet of regeneration (around neck)
 B - a ring of poison resistance (right hand)
 I - an uncursed ring of resist corrosion
 W - a +3 ring of evasion
Wands
 k - a wand of iceblast (10)
 x - a wand of random effects (18)
 A - a wand of polymorph (6)
 E - a wand of disintegration (12)
 K - a wand of paralysis (5)
 R - a wand of flame (49)
Scrolls
 h - a scroll of magic mapping
 o - a scroll of enchant weapon
 s - a scroll of remove curse
 z - 5 scrolls of teleportation
 S - 4 scrolls of immolation
 V - 4 scrolls of fog
 X - 5 scrolls of identify
 Z - a scroll of enchant armour
Potions
 a - 2 potions of agility
 j - 2 potions of ambrosia
 m - 4 potions of heal wounds
 n - 3 potions of mutation
 p - 8 potions of curing
 r - 3 potions of might
 t - 2 potions of brilliance
 C - 6 potions of flight
 D - a potion of degeneration
 H - a potion of lignification
 J - a potion of berserk rage
 O - a potion of cancellation
 P - 5 potions of resistance
 Y - a potion of haste
Miscellaneous
 e - a box of beasts
 U - a phantom mirror
Comestibles
 c - 37 rations


   Skills:
 + Level 8.3 Fighting
 + Level 8.3 Short Blades
 + Level 8.3 Long Blades
 + Level 8.3 Axes
 + Level 8.3(12.2) Maces & Flails
 + Level 8.3 Polearms
 + Level 8.3 Staves
 + Level 8.3 Slings
 + Level 8.3 Bows
 + Level 8.3 Crossbows
 + Level 8.3 Throwing
 + Level 8.3 Armour
 + Level 9.5 Dodging
 + Level 9.3 Stealth
 + Level 8.3(11.0) Shields
 + Level 8.3 Unarmed Combat
 + Level 9.7 Spellcasting
 + Level 6.9(9.6) Conjurations
 + Level 6.9(9.6) Hexes
 + Level 6.9(9.6) Charms
 + Level 10.0(12.4) Summonings
 + Level 6.9(9.6) Necromancy
 + Level 6.9(9.6) Translocations
 + Level 6.9(9.6) Transmutations
 + Level 6.9(9.6) Fire Magic
 + Level 6.9(9.6) Ice Magic
 + Level 6.9(9.6) Air Magic
 + Level 6.9(9.6) Earth Magic
 + Level 6.9(9.6) Poison Magic
 + Level 9.1 Invocations
 + Level 8.3(11.0) Evocations


You had 21 spell levels left.
You knew the following spells:

 Your Spells              Type           Power        Failure   Level  Hunger
a - Summon Small Mammal   Summ           ####         1%          1    None
b - Call Imp              Summ           #######.     1%          2    None
c - Summon Lightning Spi  Summ/Air       #######.     1%          4    ##.....
d - Ozocubu's Armour      Chrm/Ice       ######..     1%          3    None

Your spell library contained the following spells:

 Spells                   Type           Power        Failure   Level  Hunger
 Corona                   Hex            ######.      1%          1    None
 Freeze                   Ice            ####         1%          1    None
 Ensorcelled Hibernation  Hex/Ice        ######       1%          2    None
 Throw Frost              Conj/Ice       ######       1%          2    None
 Call Canine Familiar     Summ           #######.     1%          3    None
 Confuse                  Hex            ######..     1%          3    None
 Dazzling Spray           Conj/Hex       ######       1%          3    None
 Summon Guardian Golem    Hex/Summ       #######.     1%          3    None
 Tukima's Dance           Hex            ######..     1%          3    None
 Summon Ice Beast         Ice/Summ       #######.     1%          4    ##.....
 Throw Icicle             Conj/Ice       ######..     1%          4    ##.....


Dungeon Overview and Level Annotations

Branches:
Dungeon (12/15)            Temple (0/1) D:7            Lair (6/6) D:11
  Swamp (0/4) Lair:2        Snake (0/4) Lair:3        Slime (0/5) Lair:5
    Orc: D:9-12

Altars:
Ashenzari
Dithmenos
Elyvilon
Fedhas
Gozag
Hepliaklqana
Makhleb
Nemelex Xobeh
Okawaru
Vehumet
Xom
Yredelemnul
Zin
The Shining One

Shops:
D:10 (   D:12 (*

Annotations:
D:12 1 runed door
Lair:2 exclusion: oklob plant
Lair:3 1 runed door, barakagiga's ghost, journeyman DECj
Lair:6 1 runed door


Innate Abilities, Weirdness & Mutations

Your experience applies equally to all skills.
You have very sharp teeth.
Your uncanny sense of smell can sniff out nearby items.


Message History

The tyrant leech barely misses you.
The torpor snail bites your lightning spire!
Your lightning spire shoots out a bolt of lightning at the torpor snail!
The bolt of electricity hits the torpor snail.
The tyrant leech bites you!
The tyrant leech draws strength from your injuries!
You barely miss the tyrant leech.
Your lightning spire shoots out a bolt of lightning at the torpor snail!
The bolt of electricity hits the torpor snail.
The torpor snail dies!
The tyrant leech closely misses you. You block the tyrant leech's attack.
Unknown command.
As you read the scroll of teleportation, it crumbles to dust.
You feel strangely unstable.
You feel yourself speed up. The tyrant leech bites you!
* * * LOW HITPOINT WARNING * * *
The tyrant leech draws strength from your injuries!
The tyrant leech bites you!!
You die...

######## **,, ** **
####...##.# , *
##...†....## ,
..,,###8...###...##
* ***#..#.....##
##...### *
*#...ww### ###8..#
*#.....#@# ##...##
,, ..... ###
##...#+** * *,
,.... ,* #...##*∆∆
* , , ,...* *
##..## ∆∆,∆* , ,#.
,* * ###8†## *∆∆∆∆∆
,, . * #....#
**∆∆∆∆ * * ,
##..#####**∆∆ , *
∆, , ,* ##.....##
** , ** * ,, ∆*
##...#.###


You could see 2 tyrant leeches and a friendly lightning spire.

Vanquished Creatures
  A hydra (Lair:1)
  Harold (D:10)
  2 two-headed ogres
  An elephant (Lair:4)
  2 black mambas
  A torpor snail (Lair:3)
  11 spiny frogs
  3 rime drakes
  A komodo dragon (Lair:5)
  2 hornets (Lair:6)
  2 polar bears
  3 blink frogs
  8 hippogriffs
  21 yaks
  A wyvern (Lair:6)
  2 basilisks
  A hungry ghost (D:12)
  7 water moccasins
  An acid dragon (Lair:6)
  9 porcupines
  3 sky beasts
  4 orc warriors
  6 wolves
  An ogre (D:6)
  3 centaurs
  7 crocodiles
  13 bullfrogs
  2 big kobolds (D:11)
  A water moccasin zombie (D:9)
  A wyvern skeleton (D:10)
  3 scorpions
  2 killer bees
  7 wights
  3 jellies
  An electric eel (Lair:3)
  2 howler monkeys (D:9)
  5 crimson imps
  A bullfrog zombie (D:6)
  A quasit (D:9)
  2 orc priests
  3 bullfrog skeletons
  A centaur skeleton (D:5)
  6 hounds
  7 worker ants
  An iguana (D:7)
  4 orc wizards
  2 hound skeletons
  A howler monkey zombie (D:4)
  11 adders
  3 shadow imps
  3 oozes
  An adder skeleton (D:4)
  3 adder zombies
  A dart slug (D:1)
  A leopard gecko (D:4)
  32 orcs
  2 ball pythons
  5 giant cockroaches
  5 goblins
  4 hobgoblins
  10 jackals
  2 quokkas
  12 bats
  5 frilled lizards
  9 kobolds
  2 quokka skeletons
  5 rats (D:1)
289 creatures vanquished.

Vanquished Creatures (collateral kills)
  A hydra (Lair:5)
  A death yak (Lair:3)
  Urug (D:10)
  2 elephants (Lair:4)
  2 spiny frogs
  3 torpor snails (Lair:6)
  7 komodo dragons
  2 kobold demonologists (D:11)
  A queen bee (Lair:2)
  5 hornets
  8 polar bears (IceCv)
  A tyrant leech (Lair:6)
  A slime creature (D:12)
  Prince Ribbit (D:5)
  11 blink frogs
  3 hippogriffs
  A meliai zombie (D:11)
  Sigmund (D:6)
  2 wyverns
  A spriggan (D:8)
  34 yaks
  A basilisk (Lair:1)
  A steam dragon (Lair:6)
  Edmund (D:5)
  2 water moccasins
  A porcupine (D:11)
  9 orc warriors
  A black bear (D:11)
  A necrophage (D:8)
  11 wolves
  An ogre (D:10)
  A centaur (D:7)
  5 crocodiles
  4 bullfrogs
  A wyvern zombie (D:9)
  26 killer bees
  3 scorpions
  A wight (D:10)
  A bullfrog zombie (D:11)
  8 orc priests
  A hound (D:7)
  2 jellies
  A gnoll shaman (D:5)
  2 iguanas (Lair:2)
  Natasha (D:2)
  13 orc wizards
  2 worker ants
  A killer bee zombie (D:10)
  A worker ant zombie (D:11)
  6 gnolls
  4 adders
  A shadow imp (D:7)
  An ooze (Lair:5)
  A worm (D:6)
  A dart slug (D:1)
  28 orcs
  4 giant cockroaches
  A goblin (D:1)
  4 hobgoblins
  11 jackals
  2 quokkas
  A ball python (D:3)
  3 bats
  2 frilled lizards (D:1)
  3 kobolds
  A leopard gecko skeleton (D:5)
  5 rats
  2 fungi
  2 plants
275 creatures vanquished.

Vanquished Creatures (others)
  4 jackals (D:4)
  A bush (Lair:6)
  13 fungi
  25 plants
43 creatures vanquished.

Grand Total: 607 creatures vanquished

Notes
Turn   | Place    | Note
-------+----------+-------------------------------------------
     0 | D:1      | MisterFreud the Gnoll Summoner began the quest for the Orb.
     0 | D:1      | Reached XP level 1. HP: 13/13 MP: 6/6
   337 | D:1      | Reached XP level 2. HP: 19/19 MP: 5/7
   818 | D:1      | Reached XP level 3. HP: 25/25 MP: 9/9
   842 | D:1      | Reached skill level 5 in Spellcasting
   930 | D:1      | Learned a level 2 spell: Call Imp
  1207 | D:2      | Found a white marble altar of Elyvilon.
  1211 | D:2      | Noticed a scorpion
  1232 | D:2      | Killed a scorpion
  1232 | D:2      | Reached skill level 1 in Fighting
  1232 | D:2      | Reached skill level 1 in Short Blades
  1232 | D:2      | Reached skill level 1 in Long Blades
  1232 | D:2      | Reached skill level 1 in Axes
  1232 | D:2      | Reached skill level 1 in Maces & Flails
  1232 | D:2      | Reached skill level 1 in Polearms
  1232 | D:2      | Reached skill level 1 in Staves
  1232 | D:2      | Reached skill level 1 in Slings
  1232 | D:2      | Reached skill level 1 in Bows
  1232 | D:2      | Reached skill level 1 in Crossbows
  1232 | D:2      | Reached skill level 1 in Throwing
  1232 | D:2      | Reached skill level 1 in Armour
  1232 | D:2      | Reached skill level 1 in Shields
  1232 | D:2      | Reached skill level 1 in Unarmed Combat
  1232 | D:2      | Reached skill level 1 in Invocations
  1232 | D:2      | Reached skill level 1 in Evocations
  1232 | D:2      | Reached XP level 4. HP: 23/32 MP: 3/11
  1665 | D:2      | Found a basalt altar of Yredelemnul.
  1717 | D:2      | Learned a level 4 spell: Summon Lightning Spire
  1801 | D:2      | Reached skill level 1 in Conjurations
  1801 | D:2      | Reached skill level 1 in Hexes
  1801 | D:2      | Reached skill level 1 in Charms
  1801 | D:2      | Reached skill level 1 in Necromancy
  1801 | D:2      | Reached skill level 1 in Translocations
  1801 | D:2      | Reached skill level 1 in Transmutations
  1801 | D:2      | Reached skill level 1 in Fire Magic
  1801 | D:2      | Reached skill level 1 in Ice Magic
  1801 | D:2      | Reached skill level 1 in Air Magic
  1801 | D:2      | Reached skill level 1 in Earth Magic
  1801 | D:2      | Reached skill level 1 in Poison Magic
  2387 | D:2      | Found a sparkling altar of Nemelex Xobeh.
  2467 | D:2      | Noticed Natasha
  2474 | D:2      | Killed Natasha
  2474 | D:2      | Reached XP level 5. HP: 37/37 MP: 7/12
  2913 | D:3      | Found a hazy altar of Hepliaklqana.
  3307 | D:3      | Got a crude marble ring
  3308 | D:3      | Identified the ring of Xom's Capriciousness {Str-4 Int+3
                  | Dex+2 Stlth+} (You found it on level 3 of the Dungeon)
  3507 | D:4      | Reached XP level 6. HP: 38/44 MP: 13/13
  3796 | D:4      | Found a white marble altar of Elyvilon.
  4150 | D:4      | Found a burning altar of Makhleb.
  4220 | D:5      | Entered Level 5 of the Dungeon
  4250 | D:5      | Noticed Prince Ribbit
  4264 | D:5      | Killed Prince Ribbit
  4264 | D:5      | Reached skill level 5 in Dodging
  4264 | D:5      | Reached XP level 7. HP: 29/50 MP: 7/15
  4320 | D:5      | Noticed Edmund
  4325 | D:5      | Killed Edmund
  4433 | D:5      | Found an iron altar of Okawaru.
  4671 | D:5      | Identified a scroll of acquirement
  4912 | D:5      | Found an opulent altar of Gozag.
  5030 | D:5      | Found a radiant altar of Vehumet.
  5184 | D:6      | Reached skill level 5 in Stealth
  5291 | D:6      | Reached XP level 8. HP: 53/57 MP: 16/16
  5325 | D:6      | Noticed Sigmund
  5425 | D:6      | Killed Sigmund
  5528 | D:6      | Found a blossoming altar of Fedhas.
  5682 | D:6      | Got a fine dagger
  5683 | D:6      | Identified the +5 dagger of the Blessed Realm {protect, rN+
                  | Str+4} (You found it on level 6 of the Dungeon)
  5713 | D:6      | Found a shimmering altar of Xom.
  5912 | D:7      | Found a glowing silver altar of Zin.
  5914 | D:7      | Found a shattered altar of Ashenzari.
  5914 | D:7      | Found a glowing golden altar of the Shining One.
  5916 | D:7      | Noticed a hippogriff
  5920 | D:7      | Became a worshipper of Ashenzari the Shackled
  6126 | D:7      | Killed a hippogriff
  6131 | D:7      | Found a staircase to the Ecumenical Temple.
  6258 | D:7      | Learned a level 3 spell: Ozocubu's Armour
  6440 | D:7      | Reached XP level 9. HP: 65/65 MP: 18/18
  6568 | D:8      | Noticed a hornet
  6648 | D:8      | Killed a hornet
  6892 | D:8      | Found a shadowy altar of Dithmenos.
  7047 | D:8      | Reached skill level 8 in Summonings
  7362 | D:9      | Noticed a two-headed ogre
  7379 | D:9      | Killed a two-headed ogre
  7379 | D:9      | Reached skill level 5 in Invocations
  7519 | D:9      | Reached * piety under Ashenzari
  7566 | D:9      | Reached XP level 10. HP: 45/73 MP: 9/20
  8108 | D:9      | Reached skill level 5 in Fighting
  8108 | D:9      | Reached skill level 5 in Short Blades
  8108 | D:9      | Reached skill level 5 in Long Blades
  8108 | D:9      | Reached skill level 5 in Axes
  8108 | D:9      | Reached skill level 5 in Maces & Flails
  8108 | D:9      | Reached skill level 5 in Polearms
  8108 | D:9      | Reached skill level 5 in Staves
  8108 | D:9      | Reached skill level 5 in Slings
  8108 | D:9      | Reached skill level 5 in Bows
  8108 | D:9      | Reached skill level 5 in Crossbows
  8108 | D:9      | Reached skill level 5 in Throwing
  8108 | D:9      | Reached skill level 5 in Armour
  8108 | D:9      | Reached skill level 5 in Shields
  8108 | D:9      | Reached skill level 5 in Unarmed Combat
  8108 | D:9      | Reached skill level 5 in Evocations
  8612 | D:10     | Entered Level 10 of the Dungeon
  8986 | D:10     | Found Ysialuw's Weapon Shoppe.
  9005 | D:10     | Noticed a two-headed ogre
  9019 | D:10     | Killed a two-headed ogre
  9118 | D:10     | Reached ** piety under Ashenzari
  9180 | D:10     | Noticed Urug
  9194 | D:10     | Killed Urug
  9281 | D:10     | Noticed Harold
  9306 | D:10     | Killed Harold
  9321 | D:10     | Reached XP level 11. HP: 65/81 MP: 19/22
  9588 | D:11     | Identified the cursed +5 hand axe "Panam" {chop, +Blink
                  | +Rage rC- Dex+4} (You acquired it on level 11 of the
                  | Dungeon)
  9846 | D:11     | Reached skill level 5 in Conjurations
  9846 | D:11     | Reached skill level 5 in Hexes
  9846 | D:11     | Reached skill level 5 in Charms
  9846 | D:11     | Reached skill level 5 in Necromancy
  9846 | D:11     | Reached skill level 5 in Translocations
  9846 | D:11     | Reached skill level 5 in Transmutations
  9846 | D:11     | Reached skill level 5 in Fire Magic
  9846 | D:11     | Reached skill level 5 in Ice Magic
  9846 | D:11     | Reached skill level 5 in Air Magic
  9846 | D:11     | Reached skill level 5 in Earth Magic
  9846 | D:11     | Reached skill level 5 in Poison Magic
 10494 | D:11     | Found a staircase to the Lair.
 10742 | D:12     | Found Wukkidayt's General Store.
 10760 | D:12     | Bought a scroll of teleportation for 33 gold pieces
 10785 | D:12     | Found Damobuz's Antique Weapon Boutique.
 10939 | D:12     | Found a runed door.
 11029 | Lair:1   | Entered Level 1 of the Lair of Beasts
 11050 | Lair:1   | Noticed a seven-headed hydra
 11124 | Lair:1   | Killed a seven-headed hydra
 11124 | Lair:1   | Reached skill level 9 in Summonings
 11357 | Lair:1   | Reached *** piety under Ashenzari
 11519 | Lair:1   | Reached XP level 12. HP: 89/89 MP: 15/24
 12228 | Lair:2   | Found a frozen archway.
 12286 | IceCv    | Entered an ice cave
 12816 | Lair:2   | Found a staircase to the Swamp.
 12890 | Lair:2   | Reached **** piety under Ashenzari
 13439 | Lair:3   | Found a staircase to the Snake Pit.
 13480 | Lair:3   | Noticed a death yak
 13486 | Lair:3   | Killed a death yak
 13576 | Lair:3   | Found a runed door.
 14156 | Lair:3   | Noticed barakagiga's ghost (journeyman DECj)
 14344 | Lair:4   | Upgraded the game from 0.23-a0-565-g3e74e4c to
                  | 0.23-a0-577-g2b1de94
 14564 | Lair:4   | Reached XP level 13. HP: 63/98 MP: 23/26
 15336 | Lair:5   | Reached ***** piety under Ashenzari
 15364 | Lair:5   | Found a staircase to the Slime Pits.
 15951 | Lair:6   | Entered Level 6 of the Lair of Beasts
 16624 | Lair:6   | Found a runed door.
 16662 | Lair:6   | Reached skill level 10 in Summonings
 16742 | Lair:6   | Mangled by a tyrant leech

Vault maps used:
D:1:      dpeg_arrival_simpleton_c, kennysheep_crisscross
D:2:      nemelex_xobeh_ov_fountains_minmay, lemuel_doored_altar, first_ration,
          minmay_misc_feat_secret_circle, elyvilon_altar_4, uniq_natasha
D:3:      minmay_octagon_keep, lemuel_crystal_altar
D:4:      marbit_many_paths, lightli_temple_of_fire
D:5:      nicolae_gozag_seed_capital, lemuel_coloured_pillars_altar,
          kennysheep_okawaru_gauntlet, uniq_prince_ribbit1, uniq_edmund
D:6:      lemuel_crystal_altar, old_standard_altar, uniq_sigmund
D:7:      chequers_temple_overflow_statue_of_worship, minmay_temple_entry_glass
D:8:      kennysheep_mini_moat, grunt_pizzeria
D:9:      old_forge, minmay_misc_feat_columns, kb_rosetta
D:10:     serial_shops, shop_fountains, uniq_urug, uniq_harold
D:11:     grunt_lair_entry_orc_guard_hut
D:12:     david_orc_4, ebering_ghost_xom, serial_shops, nicolae_shop_waterfront,
          nicolae_shop_statue_plus, uniq_nessos, uniq_frances
Lair:2:   minmay_swamp_entry_reptiles, special_room,
          portal_ice_cave_entry_pillars_1
Lair:3:   ebering_ghost_reflecting_pool, ldierk_geyser,
          infiniplex_staircase_pool
Lair:5:   nicolae_slime_entry_slimehenge
Lair:6:   wormcave, guppyfry_lair_end_dragon
IceCv:    ice_cave_small_giant

Skill      XL: |  1  2  3  4  5  6  7  8  9 10 11 12 13 |
---------------+----------------------------------------+-----
Spellcasting   | 5 6 7 8 9 |  9.7
Fighting       | 1 2 3 4 5 6 7 8 |  8.3
Short Blades   | 1 2 3 4 5 6 7 8 |  8.3
Long Blades    | 1 2 3 4 5 6 7 8 |  8.3
Axes           | 1 2 3 4 5 6 7 8 |  8.3
Maces & Flails | 1 2 3 4 5 6 7 8 |  8.3
Polearms       | 1 2 3 4 5 6 7 8 |  8.3
Staves         | 1 2 3 4 5 6 7 8 |  8.3
Slings         | 1 2 3 4 5 6 7 8 |  8.3
Bows           | 1 2 3 4 5 6 7 8 |  8.3
Crossbows      | 1 2 3 4 5 6 7 8 |  8.3
Throwing       | 1 2 3 4 5 6 7 8 |  8.3
Armour         | 1 2 3 4 5 6 7 8 |  8.3
Shields        | 1 2 3 4 5 6 7 8 |  8.3
Unarmed Combat | 1 2 3 4 5 6 7 8 |  8.3
Invocations    | 1 2 3 4 5 6 7 8 9 |  9.1
Evocations     | 1 2 3 4 5 6 7 8 |  8.3
Conjurations   | 1 2 3 4 5 6 |  6.9
Hexes          | 1 2 3 4 5 6 |  6.9
Charms         | 1 2 3 4 5 6 |  6.9
Necromancy     | 1 2 3 4 5 6 |  6.9
Translocations | 1 2 3 4 5 6 |  6.9
Transmutations | 1 2 3 4 5 6 |  6.9
Fire Magic     | 1 2 3 4 5 6 |  6.9
Ice Magic      | 1 2 3 4 5 6 |  6.9
Air Magic      | 1 2 3 4 5 6 |  6.9
Earth Magic    | 1 2 3 4 5 6 |  6.9
Poison Magic   | 1 2 3 4 5 6 |  6.9
Dodging        | 5 6 7 8 9 |  9.5
Stealth        | 5 6 7 8 9 |  9.3
Summonings     | 8 9 10 | 10.0

Action                   |  1- 3 |  4- 6 |  7- 9 | 10-12 | 13-15 || total
-------------------------+-------+-------+-------+-------+-------++-------
Melee: Unarmed           |    26 |       |       |       |       ||    26
       Bite              |     5 |    21 |    37 |   110 |    39 ||   212
       Dagger            |    29 |   187 |   121 |       |       ||   337
       Great sword       |       |       |    33 |       |       ||    33
       Morningstar       |       |       |   142 |  1026 |   372 ||  1540
       Punch             |       |       |     1 |       |       ||     1
 Cast: Summon Small Mamm |    16 |     1 |       |       |       ||    17
       Call Imp          |     4 |    12 |       |       |       ||    16
       Summon Lightning  |       |     8 |    28 |    53 |    29 ||   118
       Ozocubu's Armour  |       |       |     7 |    52 |    36 ||    95
Invok: Curse Item        |       |       |     1 |     3 |       ||     4
Evoke: Wand              |       |       |       |       |     2 ||     2
  Use: Potion            |     1 |       |       |     2 |       ||     3
       Scroll            |       |       |    17 |     8 |     5 ||    30
 Stab: Sleeping          |     9 |    13 |     8 |    21 |     8 ||    59
       Distracted        |     1 |       |     3 |    15 |     8 ||    27
       Paralysed         |       |       |       |       |     4 ||     4
  Eat: Chunk             |     1 |     9 |    15 |    29 |     8 ||    62
       Ration            |       |     2 |       |       |       ||     2
Armor: Robe              |    17 |    28 |    49 |   333 |    84 ||   511
Dodge: Dodged            |    52 |   165 |   325 |  1095 |   372 ||  2009
Block: Buckler           |       |       |    32 |   339 |   124 ||   495
       Rpst.: Great sword |       |       |    17 |       |       ||    17

Table legend:
 A = Non-vault XP
 B = Vault XP
 C = Vault XP percentage of total XP
 D = Non-vault monster count
 E = Vault monster count
 F = Vault count percentage of total count
                 A         B        C        D         E       F
            +---------+---------+-------+---------+---------+-------
      Total |   37099 |    9183 |  19.8 |     456 |     105 |  18.7
            +---------+---------+-------+---------+---------+-------
        D:1 |      47 |       0 |   0.0 |      28 |       0 |   0.0
        D:2 |     106 |      18 |  14.5 |      18 |       1 |   5.3
        D:3 |     116 |      26 |  18.3 |      26 |      11 |  29.7
        D:4 |      84 |      13 |  13.4 |      14 |       1 |   6.7
        D:5 |     210 |     301 |  58.9 |      13 |       2 |  13.3
        D:6 |     538 |     112 |  17.2 |      18 |       1 |   5.3
        D:7 |     991 |       0 |   0.0 |      34 |       0 |   0.0
        D:8 |     807 |     106 |  11.6 |      25 |       1 |   3.8
        D:9 |    1691 |     990 |  36.9 |      41 |      14 |  25.5
       D:10 |    2182 |    1216 |  35.8 |      35 |       2 |   5.4
       D:11 |    2679 |     476 |  15.1 |      46 |       5 |   9.8
       D:12 |     389 |     438 |  53.0 |       4 |      16 |  80.0
     Lair:1 |    5790 |       0 |   0.0 |      35 |       0 |   0.0
     Lair:2 |    2715 |    1038 |  27.7 |      13 |      19 |  59.4
     Lair:3 |    4050 |       0 |   0.0 |      20 |       0 |   0.0
     Lair:4 |    4454 |       0 |   0.0 |      25 |       0 |   0.0
     Lair:5 |    4318 |      83 |   1.9 |      18 |       5 |  21.7
     Lair:6 |    5932 |    2234 |  27.4 |      43 |      12 |  21.8
      IceCv |       0 |    2132 | 100.0 |       0 |      15 | 100.0
            +---------+---------+-------+---------+---------+-------
